Map: Jagannatha LE

Players

Lambo - Winner!

  • Race: Zerg Zerg

Trap

  • Race: Protoss Protoss

Event: DreamHack SC2 Masters 2021 Summer

VOD

Have the link to the VOD?

Description

Time

  • Played on: July 1, 2021, 12:48 p.m.
  • Length: 9:01

All games in this series

Show
View Real Time Build Order
Export as new Build Order

Lambo Zerg - Winner!

Build Orders: Hatch First 

Get SALT Encoding   

  12  0:00  Drone  
  13  0:12  Overlord  
  13  0:17  Drone  
  14  0:31  Drone x2  
  14  0:35  Drone  
  17  0:52  Hatchery  
  17  0:55  Drone  
  17  0:59  Drone  
  18  1:09  Extractor  
  17  1:13  Spawning Pool  
  17  1:16  Drone  
  17  1:20  Drone  
  18  1:28  Drone  
  19  1:40  Drone  
  20  1:51  Overlord  
  20  2:00  Queen  
  22  2:03  Queen  
  22  2:04  Drone, Zergling x2  
  26  2:11  Metabolic Boost  
  26  2:12  Zergling x2  
  27  2:16  Drone  
  27  2:21  Drone  
  29  2:25  Drone  
  30  2:32  Drone  
  31  2:39  Hatchery  
  31  2:43  Drone  
  31  2:46  Overlord  
  31  2:50  Drone  
  32  2:55  Queen  
  34  3:03  Drone  
  34  3:04  Drone  
  34  3:05  Queen  
  36  3:10  Drone  
  36  3:12  Overlord  
  39  3:14  Drone  
  39  3:15  Drone  
  39  3:18  Drone  
  39  3:19  Drone  
  43  3:21  Drone  
  44  3:30  Queen, Overlord  
  46  3:35  Zergling x2  
  46  3:38  Zergling x2  
  48  3:45  Drone  
  48  3:48  Roach Warren  
  48  3:49  Drone x2, Zergling x4  
  48  3:51  Drone  
  48  3:52  Drone  
  48  3:55  Drone  
  55  3:58  Queen  
  55  4:00  Drone  
  57  4:04  Overlord  
  57  4:10  Zergling x2  
  57  4:11  Zergling x6  
  58  4:19  Drone x3, Spore Crawler  
  58  4:22  Drone  
  61  4:24  Overlord  
  61  4:29  Drone x2  
  61  4:30  Drone  
  61  4:31  Drone  
  64  4:38  Drone x4  
  66  4:43  Extractor  
  66  4:44  Extractor  
  64  4:47  Drone x3  
  64  4:50  Drone x2  
  64  4:51  Drone  
  70  4:54  Queen  
  70  4:56  Drone x2  
  73  5:00  Overlord  
  73  5:03  Spore Crawler  
  73  5:05  Extractor  
  71  5:08  Spore Crawler, Overlord  
  71  5:10  Overlord  
  70  5:15  Overlord  
  70  5:27  Overlord  
  70  5:32  Roach x5  
  78  5:37  Roach x2  
  78  5:42  Roach x3  
  87  5:47  Queen  
  89  5:53  Zergling x12  
  89  5:54  Overlord  
  95  6:00  Ravager x6  
  95  6:03  Zergling x4  
  103  6:04  Overlord  
  103  6:08  Ravager  
  103  6:14  Ravager, Overlord  
  103  6:15  Zergling x8  
  103  6:17  Zergling x2  
  103  6:18  Zergling x2  
  110  6:23  Ravager  
  110  6:24  Overlord  
  111  6:28  Zergling x10  
  111  6:30  Zergling x2  
  111  6:32  Zergling x2  
  116  6:37  Zergling x8  
  118  6:42  Zergling x4  
  116  6:48  Roach  
  116  6:49  Lair  
  116  6:50  Queen  
  112  6:56  Roach x2  
  112  7:00  Queen, Roach  
  109  7:13  Zergling x14  
  101  7:20  Zergling x2  
  99  7:24  Zergling x4  
  99  7:28  Queen  
  99  7:31  Ravager x3  
  99  7:33  Zergling x4  
  99  7:34  Zergling x2  
  102  7:41  Queen  
  102  7:42  Roach  
  102  7:44  Roach x2  
  104  7:55  Roach x3  
  109  8:00  Roach x3  
  109  8:02  Queen  
  109  8:03  Queen  
  109  8:04  Roach  
  111  8:11  Roach x2  
  111  8:12  Ravager  
  114  8:15  Roach  
  114  8:16  Roach  
  114  8:17  Queen  
  114  8:19  Roach  
  121  8:25  Roach  
  119  8:27  Ravager x3  
  119  8:28  Ravager x3  
  119  8:30  Zergling x8  
  119  8:34  Zergling x2  
  129  8:36  Zergling x8  
  130  8:43  Zergling x4  
  130  8:45  Ravager x3  
Show
View Real Time Build Order
Export as new Build Order

Trap Protoss 

Build Orders: 1 Gate Expand, Oracle Opening 

Get SALT Encoding   

  12  0:00  Probe  
  13  0:14  Pylon  
  13  0:17  Probe (Chrono Boost)  
  14  0:28  Probe (Chrono Boost)  
  15  0:32  Probe (Chrono Boost)  
  16  0:42  Gateway  
  16  0:43  Probe  
  17  0:51  Assimilator  
  17  0:55  Probe  
  18  1:08  Probe  
  19  1:20  Probe  
  20  1:26  Nexus  
  20  1:36  Cybernetics Core  
  20  1:39  Probe  
  21  1:45  Assimilator  
  21  1:51  Probe  
  22  1:54  Pylon  
  22  2:03  Probe  
  23  2:10  Stalker (Chrono Boost)  
  23  2:11  Probe  
  23  2:13  Warp Gate  
  26  2:19  Probe  
  27  2:30  Probe (Chrono Boost)  
  27  2:32  Stargate  
  28  2:37  Adept  
  28  2:39  Probe (Chrono Boost)  
  32  2:48  Probe x2 (Chrono Boost)  
  33  2:53  Probe (Chrono Boost)  
  33  2:54  Probe  
  35  3:05  Probe  
  36  3:06  Probe  
  36  3:07  Adept  
  39  3:13  Oracle (Chrono Boost)  
  39  3:15  Gateway  
  43  3:20  Probe x2  
  43  3:24  Pylon  
  44  3:32  Probe x2  
  46  3:34  Void Ray (Chrono Boost)  
  46  3:44  Probe x2  
  52  3:56  Nexus  
  52  3:58  Pylon  
  52  3:59  Probe  
  52  4:00  Probe  
  54  4:08  Assimilator  
  54  4:09  Assimilator  
  54  4:16  Probe x2  
  56  4:17  Stargate  
  56  4:22  Shield Battery  
  56  4:25  Pylon  
  56  4:28  Probe x2  
  56  4:29  Zealot  
  60  4:37  Void Ray (Chrono Boost)  
  60  4:38  Pylon  
  60  4:42  Probe x2  
  66  4:55  Void Ray (Chrono Boost), Pylon  
  66  4:56  Forge  
  66  4:57  Probe x2, Robotics Facility  
  72  5:11  Void Ray (Chrono Boost)  
  72  5:15  Probe (Chrono Boost)  
  72  5:21  Probe x2 (Chrono Boost)  
  79  5:24  Probe (Chrono Boost)  
  82  5:28  Probe x2 (Chrono Boost)  
  82  5:30  Probe (Chrono Boost)  
  82  5:31  Zealot x2  
  83  5:36  Void Ray (Chrono Boost)  
  83  5:39  Probe x2  
  83  5:40  Void Ray (Chrono Boost)  
  94  5:50  Assimilator  
  94  5:53  Assimilator  
  93  5:57  Photon Cannon  
  93  5:58  Shield Battery  
  93  5:59  Photon Cannon  
  93  6:02  Shield Battery  
  93  6:03  Pylon, Shield Battery  
  93  6:05  Shield Battery  
  93  6:09  Photon Cannon  
  93  6:10  Void Ray (Chrono Boost)  
  93  6:11  Shield Battery  
  93  6:12  Void Ray (Chrono Boost)  
  101  6:24  Pylon  
  101  6:30  Pylon  
  101  6:32  Shield Battery  
  101  6:33  Immortal (Chrono Boost)  
  101  6:42  Zealot x2  
  101  6:45  Pylon  
  100  6:48  Shield Battery  
  95  6:58  Shield Battery  
  91  7:03  Immortal (Chrono Boost)  
  91  7:05  Zealot x2  
  99  7:10  Cybernetics Core  
  87  7:16  Void Ray x2 (Chrono Boost)  
  82  7:24  Gateway  
  82  7:25  Gateway  
  82  7:31  Probe x2  
  82  7:32  Probe  
  82  7:36  Immortal  
  74  7:44  Zealot  
  74  7:45  Void Ray  
  74  7:46  Void Ray  
  67  8:13  Probe x3  
  67  8:19  Stalker x2  
  74  8:22  Stalker  
  69  8:34  Probe  
  69  8:35  Probe x2  
  64  8:44  Zealot x2  
  66  8:48  Gateway x2  
Tags
 
Add a new tag
Caveats
  • Supply blocks, unpowered buildings, or Contaminate may cause inaccurate times.
  • Supply counts are checked every 10 seconds.